AoeStats
← Barba_Tiesa

African Clearing

511021455Analyzed
3v3 RM · 10h ago on Oct 3, 2026· 43m 53s· 6 players
Game mode
Random Map
Map size
Normal (6 player)
Population
200
Speed
Normal
Resources
Standard
Victory
Conquest
Starting age
Dark Age
Ending age
Imperial Age
RankedLock teamsTeams togetherTeam positionsShared explorationLock speedFull tech treeHidden civsTurbo modeCheats
Victory
Defeat
🇹🇼 Koreans · Taiwan
1278
+11
🇹🇼 Varangians · Taiwan
1278
+11
🇹🇼 Mongols · Taiwan
1232
+12
🇲🇽 Mongols · Mexico
1198
-13
🇨🇱 Sicilians · Chile
1137
-11
🇰🇷 Saracens · South Korea
1133
-10
Barba_Tiesa
6:37 Loom
12:46 Feudal Age
13:27 Double-Bit Axe
16:25 Castle Age
15:32 Wheelbarrow
15:06 Horse Collar
16:00 Stone Mining
18:03 Bow Saw
19:41 Fishing Lines
22:01 Fletching
22:37 Gillnets
24:54 Ballistics
27:44 Heavy Plow
29:58 Bodkin Arrow
29:54 Town Watch
31:04 Gold Mining
32:19 Hand Cart
34:16 Gold Shaft Mining
37:30 Imperial Age
35:30 Padded Archer Armor
35:54 Husbandry
36:05 Bloodlines
37:17 Masonry
37:45 Capped Ram
39:12 Bracer
40:14 Chemistry
41:04 Light Cavalry
41:50 Scale Barding Armor
42:34 Leather Archer Armor
42:49 Conscription
42:36 Thumb Ring
43:31 Drill
zexochi
4:49 Loom
15:36 Feudal Age
25:18 Castle Age
24:11 Scale Barding Armor
24:52 Bloodlines
27:07 Husbandry
27:33 Horse Collar
29:01 Wheelbarrow
29:14 Gold Mining
30:56 Heavy Plow
33:03 Chain Barding Armor
33:34 Stone Mining
35:38 Double-Bit Axe
41:13 Imperial Age
XI JINPING
15:44 Feudal Age
16:10 Loom
21:53 Castle Age
20:12 Double-Bit Axe
20:54 Stone Mining
28:49 Wheelbarrow
31:17 Husbandry
32:38 Hand Cart
33:09 Bloodlines
34:27 Padded Archer Armor
36:21 Forging
36:06 Gold Mining
37:27 Bow Saw
42:07 Imperial Age
42:28 Scale Barding Armor
42:32 Elite Mameluke
許大哥
3:09 Loom
12:52 Feudal Age
14:12 Double-Bit Axe
17:11 Castle Age
15:45 Stone Mining
18:09 Bow Saw
19:13 Fletching
19:47 Horse Collar
23:43 Heavy Plow
26:35 Town Watch
27:05 Gold Mining
28:56 Wheelbarrow
30:28 Bodkin Arrow
30:57 Ballistics
30:44 Treadmill Crane
35:58 Imperial Age
36:01 Hand Cart
36:18 Squires
37:07 Gold Shaft Mining
37:09 Conscription
36:56 Bracer
38:05 Town Patrol
37:43 Elite War Wagon
39:28 Chemistry
43:45 Two-Man Saw
42:53 Scale Barding Armor
42:52 Scale Mail Armor
43:48 Siege Engineers
43:23 Elite Fire Lancer
王先生
11:07 Feudal Age
10:03 Loom
12:34 Double-Bit Axe
21:00 Castle Age
20:29 Scale Barding Armor
20:36 Bloodlines
20:49 Horse Collar
21:38 Light Cavalry
23:48 Bow Saw
24:42 Fishing Lines
29:52 Wheelbarrow
29:59 Gillnets
31:42 Town Watch
32:18 Heavy Plow
32:24 Stone Mining
32:30 Gold Mining
37:12 Imperial Age
35:17 Chain Barding Armor
35:01 Treadmill Crane
35:24 Vendel Legacy
36:21 Husbandry
37:28 Masonry
37:46 Forging
38:01 Cavalier
40:12 Plate Barding Armor
40:46 Conscription
43:18 Iron Casting
43:00 Fletching
43:46 Architecture
44:59 Crop Rotation
45:32 Two-Man Saw
南港包大爺
14:37 Feudal Age
12:52 Loom
18:47 Castle Age
16:35 Double-Bit Axe
16:36 Horse Collar
18:26 Gold Mining
21:54 Wheelbarrow
22:24 Bow Saw
23:04 Heavy Plow
26:59 Stone Mining
27:57 Bloodlines
27:48 Husbandry
27:44 Fletching
29:02 Bodkin Arrow
29:07 Padded Archer Armor
32:41 Leather Archer Armor
36:11 Ballistics
38:28 Imperial Age
36:50 Gold Shaft Mining
39:12 Bracer
40:17 Chemistry
39:36 Thumb Ring
39:56 Parthian Tactics
40:14 Elite Mangudai
Connection lost

Rejoining the realm…

Still unreachable

The connection could not be restored.

Session expired

The server has moved on; the page needs a fresh start.